AoeStats
← Armitte

Arena

505400540Analyzed
1v1 RM · 22d ago on Sep 9, 2026· 30m 29s· 2 players
Game mode
Random Map
Map size
Tiny (2 player)
Population
200
Speed
Normal
Resources
Standard
Victory
Conquest
Starting age
Dark Age
Ending age
Imperial Age
RankedLock teamsTeams togetherTeam positionsShared explorationLock speedFull tech treeHidden civsTurbo modeCheats
Victory
Defeat
🇩🇪 Hindustanis · Germany
1405
+14
🇦🇺 Malay · Australia
1355
-14
Dingo Ate My Baby!
9:49 Feudal Age
9:26 Horse Collar
9:33 Double-Bit Axe
9:56 Loom
13:56 Fletching
23:55 Castle Age
23:49 Bodkin Arrow
Armitte
9:08 Feudal Age
8:05 Loom
9:03 Loom
9:12 Loom
12:30 Fletching
14:23 Horse Collar
18:06 Double-Bit Axe
25:41 Castle Age
24:10 Gold Mining
24:11 Stone Mining
26:20 Bodkin Arrow
25:47 Crossbowman
30:24 Bow Saw
30:15 Heavy Plow
30:14 Guard Tower
Connection lost

Rejoining the realm…

Still unreachable

The connection could not be restored.

Session expired

The server has moved on; the page needs a fresh start.